[Event "*** SCC Grand Prix: Titled Tuesday Blitz"]
[Site "Chess.com"]
[Date "2020.07.21"]
[Round "6"]
[White "a3aki"]
[Black "MarceloPlaya"]
[Result "1-0"]
[WhiteElo "2033"]
[BlackElo "2272"]
[TimeControl "180+1"]
[EndTime "11:07:23 PDT"]
[Termination "a3aki won on time"]

1. e4 e6 2. d4 d5 3. Nc3 Bb4 4. e5 c5 5. a3 Bxc3+ 6. bxc3 Ne7 7. Qg4 Qc7 8. Qxg7 Rg8 9. Qxh7 cxd4 10. Ne2 Nbc6 11. f4 dxc3 12. Qd3 Bd7 13. Rb1 Rc8 14.
h4 Na5 15. h5 a6 16. Nd4 Nf5 17. Nxf5 exf5 18. h6 Be6 19. h7 Rh8 20. g3 b5 21.
Bh3 Qd7 22. Bg2 d4 23. Kf2 Nc4 24. a4 Rd8 25. axb5 axb5 26. Qf3 Kf8 27. Qc6 Qxc6 28. Bxc6 d3 29. cxd3 Nd2 30. Bxd2 cxd2 31. Bxb5 Kg7 32.
Rbd1 Bd5 33. Rh2 Rb8 34. Rxd2 Rxb5 35. d4 Be4 36. Ke3 Rd5 37. Rb2 Rxh7 38. Rxh7+ Kxh7 39. Rb7 Kg6 40. Rb6+ Kg7 41. g4 Ra5 42. gxf5 Bxf5 43.
Rb3 Ra4 44. d5 Re4+ 45. Kf3 Rd4 46. d6 Be6 47. Rc3 Bd5+ 48. Kg3 1-0

[Event "*** SCC Grand Prix: Titled Tuesday Blitz"]
[Site "Chess.com"]
[Date "2020.07.21"]
[Round "6"]
[White "keshka01"]
[Black "awesomevishesh"]
[Result "1-0"]
[WhiteElo "2570"]
[BlackElo "2347"]
[TimeControl "180+1"]
[EndTime "11:07:24 PDT"]
[Termination "keshka01 won on time"]

1. e4 c5 2. Nf3 d6 3. d4 cxd4 4. Nxd4 Nf6 5. Nc3 a6 6. h3 e5 7.
Nde2 h5 8. g3 Be7 9. Bg2 Be6 10.
O-O Nbd7 11. a4 O-O 12. b3 Nc5 13. Ba3 Qc7 14. Qd2 Rfd8 15. Rfd1 Rac8 16. Qe3 Qc6 17. Nd5 Bxd5 18. exd5 Qc7 19. a5 h4 20. g4 Nh7 21.
Bxc5 Qxc5 22. Qxc5 Rxc5 23. c4 Ng5 24. Nc3 g6 25.
Na4 Rc7 26. Rac1 f5 27. gxf5 gxf5 28. b4 f4 29. c5 f3 30. Bf1 e4 31. c6 e3 32.
fxe3 Ne4 33. Bd3 Ng3 34. Kf2 Rf8 35. Rc4 Bg5 36. Rg4 Rg7 37. cxb7 Rb8 38. Bxa6 Kh7 39. Nb6 Kh6 40. Rc1 Re7 41. Rxg5 Kxg5 42. Rc8 Rbxb7 43.
Bxb7 Rxb7 44. Kxf3 Rf7+ 45. Kg2 Ne4 46. Rg8+ Kh5 47. Rg4 1-0

[Event "*** SCC Grand Prix: Titled Tuesday Blitz"]
[Site "Chess.com"]
[Date "2020.07.21"]
[Round "6"]
[White "Noam_Vitenberg"]
[Black "ZverevLev"]
[Result "1-0"]
[WhiteElo "2476"]
[BlackElo "2316"]
[TimeControl "180+1"]
[EndTime "11:07:24 PDT"]
[Termination "Noam_Vitenberg won by resignation"]

1. Nf3 Nf6 2. c4 d6 3. d4 Nbd7 4. Nc3 e5 5. e4 Be7 6. Be2 O-O 7. Be3 c6 8. d5 Qc7 9. Nd2 Ne8 10. Rc1 f5 11. f3 f4 12. Bf2 c5 13. a3 g5 14.
b4 h5 15. bxc5 dxc5 16. h4 gxh4 17. Bxh4 Bxh4+ 18. Rxh4 Ng7 19. Bd3 Qd8 20. Rh2 Qg5 21. Ke2 h4 22. Qh1 Nh5 23. Nf1 Ndf6 24. Rxh4 Rf7 25. d6 Rh7 26. Rh2 Ng3+ 27. Nxg3 Rxh2 28. Qxh2 fxg3 29. Qg1 Nh5 30. Nd5 Be6 31. Qe3 Qg7 32.
Rh1 Bf7 33. Qxc5 Qh8 34. d7 Nf4+ 35. Nxf4 Qxh1 36. Qc8+ Kg7 37. Qxa8 exf4 38. d8=Q Qxg2+ 39. Ke1 Qf2+ 40. Kd1 Qxf3+ 41. Be2 Qb3+ 42. Kd2 Qb2+ 43. Ke1 Qc1+ 44. Qd1 Qc3+ 45. Kf1 g2+ 46. Kxg2 Qg3+ 47.
Kf1 Qh3+ 48. Ke1 Bg6 49. Qad8 Qg3+ 50. Kd2 Qe3+ 51. Kc2 Bxe4+ 52. Bd3 Qf2+ 53. Qd2 Bxd3+ 54. Qxd3 1-0

[Event "*** SCC Grand Prix: Titled Tuesday Blitz"]
[Site "Chess.com"]
[Date "2020.07.21"]
[Round "6"]
[White "viniciusrego"]
[Black "Zhani-Z"]
[Result "0-1"]
[WhiteElo "2271"]
[BlackElo "2425"]
[TimeControl "180+1"]
[EndTime "11:07:24 PDT"]
[Termination "Zhani-Z won by resignation"]

1. d4 Nf6 2. c4 e6 3. Nf3 Bb4+ 4. Bd2 c5 5. Bxb4 cxb4 6. g3 d6 7. Bg2 O-O 8. O-O Nc6 9. a3 bxa3 10. Nxa3 e5 11. dxe5 dxe5 12. Nb5 Bg4 13. h3 Bxf3 14. Bxf3 Qb6 15. b3 Rad8 16. Qc2 a6 17. Bxc6 Qxc6 18. Na3 e4 19. Rad1 e3 20. fxe3 Qc5 21. Qc1 Qe5 22.
Kg2 Ne4 23. Rf3 Ng5 24. Rff1 Rxd1 25. Qxd1 Qxe3 26. Qd3 Qe6 27. Rf2 Qxh3+ 28. Kg1 Qe6 29. Kg2 Qc6+ 30. Kh2 Qc5 31. Qf5 Qxa3 32. Qxg5 Qxb3 33.
Qe7 Qxc4 34. Qxb7 h6 35. Qf3 Re8 36. Kg2 Qe4 37. Qxe4 Rxe4 38. Kf1 a5 39. Rf5 a4 40. Ra5 Kf8 41. Ra7 h5 42. Kf2 g6 43. Kf3 f5 44.
Ra8+ Kf7 45. Ra7+ Kf6 46. Ra6+ Kg5 47. e3 Rb4 48. Ra8 h4 49. gxh4+ Kxh4 50. Rh8+ Kg5 51. Rb8 Rxb8 0-1

[Event "*** SCC Grand Prix: Titled Tuesday Blitz"]
[Site "Chess.com"]
[Date "2020.07.21"]
[Round "6"]
[White "Juanovic"]
[Black "jamalm2"]
[Result "1-0"]
[WhiteElo "2082"]
[BlackElo "1851"]
[TimeControl "180+1"]
[EndTime "11:07:24 PDT"]
[Termination "Juanovic won by resignation"]

1. e4 e6 2. d4 b6 3. Bd3 Ba6 4. c4 c5 5. d5 exd5 6. exd5 Nf6 7. Ne2 d6 8. O-O Be7 9. Nbc3 O-O 10. h3 Nbd7 11. Bf4 Nh5 12. Bh2 g6 13. Re1 Ng7 14. f4 Nf6 15. Ng3 Re8 16. b3 Bc8 17. Qc2 Bd7 18. f5 Nfh5 19. fxg6 hxg6 20. Nge4 Nf5 21.
Re2 Nd4 22. Qd2 Nxe2+ 23. Bxe2 Ng7 24. Nxd6 Bxd6 25. Bxd6 Bxh3 26. Bf4 Bf5 27. Bf3 Qf6 28. Rd1 Rad8 29. Nb5 Be4 30. Bg5 Qf5 31. Bxe4 Qxe4 32.
Bxd8 Rxd8 33. Re1 Qg4 34. Qe2 Nf5 35. Qxg4 Kg7 36. d6 Nxd6 37. Nxd6 Rxd6 38. Qf4 Rf6 39. Qe5 a5 40. Rf1 g5 41. Qxf6+ Kg8 42. Qxf7+ Kh8 43.
Rf6 1-0

[Event "*** SCC Grand Prix: Titled Tuesday Blitz"]
[Site "Chess.com"]
[Date "2020.07.21"]
[Round "6"]
[White "Vuk2000"]
[Black "Colchonero64"]
[Result "1-0"]
[WhiteElo "2629"]
[BlackElo "2908"]
[TimeControl "180+1"]
[EndTime "11:07:25 PDT"]
[Termination "Vuk2000 won by checkmate"]

1. e4 c5 2. Nc3 e6 3. g3 Nc6 4.
Bg2 g6 5. d3 Bg7 6. Be3 d6 7. Qd2 Nge7 8. Bh6 Bxh6 9. Qxh6 Nd4 10. Qd2 h5 11. h3 e5 12. Nge2 Be6 13. f4 Qd7 14. Nd1 O-O-O 15. Ne3 h4 16. fxe5 dxe5 17. g4 Qa4 18. b3 Qa3 19. O-O Nxe2+ 20. Qxe2 Qb2 21. Qf2 Qd4 22. Rad1 Kb8 23. c4 Qd6 24. Nd5 Nc6 25. a3 Nd4 26. b4 f5 27. exf5 gxf5 28.
Qe3 Rc8 29. bxc5 Rxc5 30. gxf5 Bxf5 31. Kh1 Rg8 32. Rb1 b6 33. Rf3 Rxg2 34. Kxg2 Nxf3 35. Qxf3 Qg6+ 36. Kh2 Bxd3 37. Rg1 Qe4 38. Rg8+ Rc8 39. Rxc8+ Kxc8 40. Qf8+ Kb7 41. Qe7+ Ka6 42. Nb4+ Ka5 43. Qxa7# 1-0

[Event "*** SCC Grand Prix: Titled Tuesday Blitz"]
[Site "Chess.com"]
[Date "2020.07.21"]
[Round "6"]
[White "r31415"]
[Black "kingmonkey2006"]
[Result "1-0"]
[WhiteElo "2457"]
[BlackElo "2606"]
[TimeControl "180+1"]
[EndTime "11:07:25 PDT"]
[Termination "r31415 won on time"]

1. e4 c5 2. Nf3 d6 3. d4 cxd4 4. Nxd4 Nf6 5. Nc3 a6 6. h3 e5 7. Nde2 h5 8. g3 Be6 9. Bg2 b5 10.
Bg5 Nbd7 11. O-O Rc8 12. Qd2 Qc7 13. Rfc1 Be7 14. Nd5 Bxd5 15. exd5 O-O 16. a4 Nb6 17. axb5 axb5 18. Bxf6 Bxf6 19. b3 h4 20. g4 Ra8 21.
Ra5 Bg5 22. f4 Qc5+ 23. Kh2 exf4 24. Rxa8 Rxa8 25. Nxf4 Re8 26. Rf1 Re3 27. Nd3 Qd4 28. Qf2 f6 29. Qf5 Re2 30. Kh1 Rxg2 31. Kxg2 Nxd5 32.
Qe6+ Kh7 33. Qf5+ Kh6 34. Re1 Ne3+ 35. Rxe3 Qxe3 36. Qc8 Qg3+ 37. Kf1 Qxh3+ 38. Ke1 Qh1+ 39. Ke2 Qg2+ 40. Ke1 Qd2+ 41. Kf1 Qd1+ 42. Kf2 Qd2+ 43. Kf1 Qd1+ 44. Kg2 Qe2+ 45. Nf2 Be3 46. Qh8+ 1-0

[Event "*** SCC Grand Prix: Titled Tuesday Blitz"]
[Site "Chess.com"]
[Date "2020.07.21"]
[Round "6"]
[White "Vladislav_Chizhikov"]
[Black "ambaixador"]
[Result "0-1"]
[WhiteElo "2434"]
[BlackElo "2332"]
[TimeControl "180+1"]
[EndTime "11:07:25 PDT"]
[Termination "ambaixador won by resignation"]

1. e4 c6 2. d4 d5 3. Nc3 dxe4 4. Nxe4 Nf6 5. Nxf6+ exf6 6. c3 Bd6 7. Bd3 O-O 8.
Qc2 h6 9. Ne2 Nd7 10. Be3 Qc7 11. O-O-O Re8 12. Kb1 b6 13. h3 Bb7 14. Rhg1 c5 15. g4 Nf8 16. dxc5 Bxc5 17. Nd4 Qh2 18. Rg3 Bd6 19. Rgg1 Bf4 20. Bxf4 Qxf4 21. h4 g6 22. g5 fxg5 23. hxg5 h5 24. f3 Re3 25.
Rdf1 Rae8 26. Ne2 Qd6 27. Nc1 Rxf3 28. Rd1 Qc5 29. b4 Qc7 30. Kb2 Qf4 31. Rd2 Ree3 32. Qd1 Rf2 33. Rxf2 Qxf2+ 34. Ka3 Bf3 35. Qf1 Qd2 36. Kb3 Bd5+ 37. c4 Be4 38. Rg2 Bxg2 39. Qf4 Rxd3+ 40. Nxd3 Qxd3+ 41. Ka4 Bc6+ 42. b5 Bd7 43.
Kb4 Be6 44. a4 Qc2 45. a5 Qb2+ 46. Ka4 Qa2+ 47. Kb4 Qxa5+ 48. Kb3 Qe1 49. Ka4 Qd1+ 50. Kb4 Qb1+ 51. Ka4 Qc2+ 52. Kb4 Qxc4+ 53. Ka3 Qxf4 54.
Kb2 Qe3 0-1

[Event "*** SCC Grand Prix: Titled Tuesday Blitz"]
[Site "Chess.com"]
[Date "2020.07.21"]
[Round "6"]
[White "Khazieva_Elza"]
[Black "Sacbutt"]
[Result "1-0"]
[WhiteElo "2353"]
[BlackElo "2256"]
[TimeControl "180+1"]
[EndTime "11:07:25 PDT"]
[Termination "Khazieva_Elza won by resignation"]

1. e4 c5 2. Nf3 d6 3. d3 Nf6 4.
g3 Nc6 5. Bg2 g6 6. O-O Bg7 7.
Re1 O-O 8. e5 dxe5 9. Nxe5 Nxe5 10. Rxe5 Qb6 11. Nd2 Bg4 12. Qe1 Be6 13. Nc4 Qc7 14.
Bf4 Qc8 15. Re2 a5 16. Nb6 Qd8 17. Nxa8 Qxa8 18. Rxe6 fxe6 19. Qxe6+ Rf7 20. Re1 Qa6 21. Qc8+ Rf8 22. Qxb7 Qxb7 23. Bxb7 Kf7 24. b3 e6 25. Bc7 Ng4 26. h3 Nh6 27. Bxa5 Bd4 28. c3 Bf6 29. g4 g5 30. Be4 Kg7 31. Rc1 Nf7 32. Bb6 Be7 33. a4 Nd6 34. a5 Nxe4 35. dxe4 Ra8 36. Ra1 Ra6 37. Ra4 Bd6 38. b4 cxb4 39.
cxb4 Kf6 40. b5 Ra8 41. a6 Ke5 42. a7 Be7 43. Bc7+ Bd6 44. Bxd6+ Kxd6 45. b6 Kc6 46. Rb4 Kb7 47. f3 Rc8 48. Ra4 Rc2 49. a8=Q+ Kxb6 50. Qa6+ 1-0

[Event "*** SCC Grand Prix: Titled Tuesday Blitz"]
[Site "Chess.com"]
[Date "2020.07.21"]
[Round "6"]
[White "Gareth-Bale11"]
[Black "sergiochess83"]
[Result "0-1"]
[WhiteElo "2701"]
[BlackElo "2847"]
[TimeControl "180+1"]
[EndTime "11:07:26 PDT"]
[Termination "sergiochess83 won by checkmate"]

1. d4 Nf6 2. c4 g6 3. Nc3 d5 4. cxd5 Nxd5 5. e4 Nxc3 6. bxc3 Bg7 7. Be3 c5 8. Rc1 O-O 9. Qd2 Nd7 10. Nf3 Nf6 11.
Bd3 Ng4 12. Bg5 h6 13. Bh4 cxd4 14. cxd4 g5 15. Bg3 Bxd4 16. h4 Bg7 17. hxg5 hxg5 18. e5 Re8 19. Rd1 Be6 20. Nxg5 Qb6 21. O-O Rad8 22.
Bh7+ Kh8 23. Qf4 Bxe5 24. Nxf7+ Bxf7 25. Qxf7 Bxg3 26. Bg6 Qxf2+ 27. Rxf2 Bxf2+ 28. Kf1 Rxd1+ 29. Ke2 Re1+ 30. Kd2 Rd8+ 31. Kc3 Nf6 32. Bf5 Re3+ 33. Kc4 b5+ 34. Kb4 Be1+ 35. Kxb5 Re5+ 36. Kc6 Rxf5 37. Qxe7 Re8 38. Qf7 Bf2 39. g4 Rc5+ 40.
Kb7 Rb5+ 41. Kc6 Rb6+ 42. Kc7 Be3 43. g5 Bf4# 0-1

[Event "*** SCC Grand Prix: Titled Tuesday Blitz"]
[Site "Chess.com"]
[Date "2020.07.21"]
[Round "6"]
[White "Andreikka"]
[Black "Oglob71"]
[Result "1-0"]
[WhiteElo "2886"]
[BlackElo "2516"]
[TimeControl "180+1"]
[EndTime "11:07:26 PDT"]
[Termination "Andreikka won by resignation"]

1. a3 d5 2. Nf3 Nf6 3. b4 e6 4. Bb2 Be7 5. e3 O-O 6. c4 b6 7.
cxd5 Nxd5 8. Qc2 Bb7 9. Bd3 h6 10. Bh7+ Kh8 11. Be4 Bf6 12. d4 Nd7 13. Nbd2 c5 14.
dxc5 bxc5 15. b5 Rc8 16. Bd3 N7b6 17. Bc4 Nxc4 18. Nxc4 Nb6 19. Na5 Bxf3 20. gxf3 Bxb2 21. Qxb2 c4 22. Nc6 Qd5 23. Rg1 f6 24. Ne7 Qxf3 25. Ng6+ Kg8 26. Nxf8 Kxf8 27. Qd4 c3 28. Rc1 c2 29.
Qd6+ Kf7 30. Qg3 Qxg3 31. Rxg3 Nd5 32. Kd2 Nc3 33. Rg4 f5 34. Rb4 Ne4+ 35. Ke1 Rc3 36. a4 Kf6 37. a5 Ra3 38. b6 axb6 39. axb6 Nc5 40. b7 Nd3+ 41. Kd2 Nxb4 42. b8=Q Rd3+ 43. Ke2 Rb3 44. Rxc2 Rxe3+ 45. fxe3 Nxc2 46. Qb2+ 1-0

[Event "*** SCC Grand Prix: Titled Tuesday Blitz"]
[Site "Chess.com"]
[Date "2020.07.21"]
[Round "6"]
[White "MiroVlasenko"]
[Black "penguingm1"]
[Result "1-0"]
[WhiteElo "2745"]
[BlackElo "2918"]
[TimeControl "180+1"]
[EndTime "11:07:27 PDT"]
[Termination "MiroVlasenko won by checkmate"]

1. d4 d5 2. Bf4 Nf6 3. e3 e6 4. Nf3 Bd6 5. Bg3 c5 6. c3 O-O 7. Nbd2 Qc7 8. Bd3 Nbd7 9. O-O Bxg3 10. hxg3 b6 11. Qe2 Bb7 12. Rfd1 e5 13. dxe5 Nxe5 14. Nxe5 Qxe5 15. Nf3 Qe7 16. a4 Rad8 17. a5 h6 18. axb6 axb6 19. Ra7 Rd7 20. Rda1 Rfd8 21. Bb5 Rc7 22.
Ba6 Ne4 23. Bxb7 Rxb7 24. Ra8 Rd7 25. Qb5 Rd6 26. Rxd8+ Qxd8 27. Ra7 Re6 28. Qa6 Qf6 29. Qc8+ Kh7 30. Ra8 Kg6 31. Qd7 Ng5 32. Qxd5 Rd6 33. Qb7 Rd1+ 34. Kh2 Nxf3+ 35. gxf3 Qf5 36. Kg2 Qb1 37.
Qe4+ Qxe4 38. fxe4 Rd2 39. Ra2 b5 40. Kf3 f6 41. g4 b4 42. cxb4 cxb4 43. e5 fxe5 44. Ra6+ Kh7 45. b3 Rb2 46. Ke4 Rxb3 47. Kxe5 Rb1 48. f4 b3 49. Rb6 b2 50. e4 Kg8 51.
Kf5 Kh7 52. Rb7 Kg8 53. Kg6 Rg1 54. Rb8# 1-0

[Event "*** SCC Grand Prix: Titled Tuesday Blitz"]
[Site "Chess.com"]
[Date "2020.07.21"]
[Round "6"]
[White "FMJoseHerrera"]
[Black "Volodar_Murzin"]
[Result "0-1"]
[WhiteElo "2499"]
[BlackElo "2708"]
[TimeControl "180+1"]
[EndTime "11:07:28 PDT"]
[Termination "Volodar_Murzin won on time"]

1. Nf3 Nf6 2. g3 g6 3. Bg2 Bg7 4. d3 O-O 5. Nc3 d6 6. h4 Nbd7 7. h5 Nxh5 8. Bg5 Nhf6 9. Bh6 Bxh6 10. Rxh6 Ng4 11. Rh1 h5 12. Qd2 Ndf6 13. Ng5 e5 14. f3 Nh6 15. g4 Bxg4 16. fxg4 Nfxg4 17. e4 c6 18. O-O-O Qe7 19. Rdg1 f6 20. Nf3 f5 21. Nh4 Qg7 22. exf5 Nxf5 23. Ne4 d5 24. Nxf5 Rxf5 25. Ng3 Rf2 26. Qg5 Qh6 27. Rxh5 Qxg5+ 28. Rxg5 Ne3 29. Bh3 Kf7 30. Rxe5 Nxc2 31. Re2 Rxe2 32. Nxe2 Nb4 33. Kd2 Rh8 34. Rf1+ Ke7 35. Nf4 Kd6 36. a3 Na6 37. d4 g5 38. Ng6 Rxh3 39. Rf6+ Kc7 40. Ne5 Rh7 41. b4 Rg7 42. Ke3 Nb8 43. Kf3 Nd7 44.
Nxd7 Kxd7 45. Kg4 Kc7 46. a4 Kb6 47. Rg6 Rxg6 0-1

[Event "*** SCC Grand Prix: Titled Tuesday Blitz"]
[Site "Chess.com"]
[Date "2020.07.21"]
[Round "6"]
[White "bsnsun"]
[Black "MomchilPetkov"]
[Result "0-1"]
[WhiteElo "2391"]
[BlackElo "2586"]
[TimeControl "180+1"]
[EndTime "11:07:28 PDT"]
[Termination "MomchilPetkov won by resignation"]

1. d4 Nf6 2. c4 e6 3. Nc3 Bb4 4. Qc2 O-O 5. a3 Bxc3+ 6. Qxc3 d5 7. Bg5 dxc4 8. Qxc4 b6 9. Nf3 Ba6 10. Qa4 h6 11.
Bxf6 Qxf6 12. g3 c5 13. Bg2 Bb7 14. O-O cxd4 15. Qxd4 Qxd4 16. Nxd4 Bxg2 17. Kxg2 Rc8 18. Rac1 Nd7 19. Rfd1 Ne5 20. Nb5 a6 21. Nd6 Rxc1 22. Rxc1 Rd8 23. Nc4 Rc8 24. b3 b5 25. f4 Ng4 26. h3 Nf6 27. Kf3 bxc4 28. bxc4 Kf8 29. e4 Ke7 30. e5 Nd7 31. Ke3 Nb6 32. c5 Nd5+ 33. Ke4 Rb8 34. c6 Kd8 35. Rc4 Kc7 36.
a4 Rb3 37. g4 Re3+ 38. Kd4 Rxh3 39. f5 Rg3 40. Kc5 Rc3 41. fxe6 fxe6 42. a5 Rxc4+ 43.
Kxc4 Kxc6 44. Kd4 Kb5 45. Ke4 g5 46. Kd4 Kxa5 47. Kc5 Ka4 48. Kc4 a5 49. Kd3 Kb3 0-1

[Event "*** SCC Grand Prix: Titled Tuesday Blitz"]
[Site "Chess.com"]
[Date "2020.07.21"]
[Round "6"]
[White "checkmatequen"]
[Black "Agnes66678"]
[Result "1-0"]
[WhiteElo "2318"]
[BlackElo "2463"]
[TimeControl "180+1"]
[EndTime "11:07:28 PDT"]
[Termination "checkmatequen won by resignation"]

1. e4 e5 2. Nf3 Nf6 3. d4 Nxe4 4. dxe5 d5 5. Nbd2 Be7 6. Bd3 Nc5 7. O-O O-O 8. Re1 Nbd7 9. Nf1 Nxd3 10. Qxd3 c6 11. Ng3 Nc5 12. Qe2 a5 13. Nd4 Be6 14. Ngf5 Qd7 15.
Qg4 g6 16. Nxe6 Qxe6 17. Nxe7+ Qxe7 18. Bg5 Qe6 19. Qh4 h5 20. Re3 Ne4 21. Rxe4 dxe4 22. Bf6 Qf5 23. Re1 Rfe8 24. Rxe4 Re6 25. h3 Rxf6 26.
exf6 Rd8 27. Kh2 Rd6 28. Rf4 Qe5 29. g3 Kh7 30. c3 Kh6 31. Rf3 Rd2 32. Kg2 Rxb2 33.
Qc4 Qd5 34. Qf4+ g5 35. Qe3 Rd2 36. Qe8 Rxf2+ 37. Kxf2 Qd2+ 38. Qe2 Qd5 39. h4 g4 40. Qe3+ Kh7 41. Qd3+ Qxd3 42. Rxd3 Kg6 43. Rd7 Kxf6 44.
Rxb7 a4 45. Ra7 Ke5 46. Rxa4 Kd5 47. Ke3 c5 48. c4+ Ke5 49. Ra6 f5 50. a4 f4+ 51.
gxf4+ Kf5 52. Rh6 1-0

[Event "*** SCC Grand Prix: Titled Tuesday Blitz"]
[Site "Chess.com"]
[Date "2020.07.21"]
[Round "6"]
[White "Schack-Hugo"]
[Black "NiranjanNavalgund"]
[Result "1-0"]
[WhiteElo "2199"]
[BlackElo "2441"]
[TimeControl "180+1"]
[EndTime "11:07:28 PDT"]
[Termination "Schack-Hugo won by checkmate"]

1. c3 e5 2. d4 d6 3. g3 h5 4. h4 Nh6 5. Bg2 c6 6. Nf3 e4 7. Ng5 d5 8. O-O Be7 9. Nh3 Bg4 10. Nf4 Bxh4 11. gxh4 Qxh4 12. f3 Bf5 13. Qe1 Qe7 14. fxe4 dxe4 15. Nxh5 Bg6 16. Nxg7+ Kf8 17. Bxh6 Rxh6 18. Nf5 Qg5 19. Nxh6 Qxh6 20. Nd2 Nd7 21. e3 Re8 22. Qf2 Kg7 23. Qf4 Qh5 24. Rae1 Rh8 25. Kf2 Qb5 26. Rh1 Qd3 27. Rxh8 Kxh8 28. Re2 Kg8 29. Qc7 Nf8 30. Qg3 Qb5 31. Bxe4 Qxb2 32.
Bxg6 Nxg6 33. Ne4 Qb1 34. Ng5 Qf5+ 35. Nf3 Qd3 36. e4 Qxc3 37. Re3 Qb2+ 38. Re2 Qc3 39. Kg2 Qc1 40. Ne5 Qd1 41. Rf2 Qxd4 42. Nxg6 Qxe4+ 43. Kh2 fxg6 44. Qb8+ Kh7 45. Rf7+ Kh6 46.
Qf8+ Kg5 47. Qe7+ Qxe7 48. Rxe7 b5 49. Rxa7 Kf4 50. Rc7 c5 51. Rxc5 b4 52. Rc4+ Ke5 53. Rxb4 Kd5 54. Rb3 Kc4 55. Kg2 Kd4 56. Rg3 Kc4 57.
Rxg6 Kb4 58. Rg3 Ka4 59. Rb3 Ka5 60. Kf3 Ka4 61. Ke4 Ka5 62. Kd5 Ka4 63. Rb8 Ka5 64.
Kc4 Ka6 65. Rb3 Ka7 66. Rb2 Ka6 67. Kc5 Ka5 68. Rb3 Ka4 69. Rb4+ Ka3 70. Rb8 Ka4 71.
Rb7 Ka3 72. Kc4 Ka4 73. Ra7# 1-0

[Event "*** SCC Grand Prix: Titled Tuesday Blitz"]
[Site "Chess.com"]
[Date "2020.07.21"]
[Round "6"]
[White "alexsergeyev"]
[Black "rugbyclub"]
[Result "1-0"]
[WhiteElo "2359"]
[BlackElo "2128"]
[TimeControl "180+1"]
[EndTime "11:07:29 PDT"]
[Termination "alexsergeyev won on time"]

1. d4 Nf6 2. c4 e6 3. Nf3 Bb4+ 4. Nbd2 d6 5. a3 Bxd2+ 6. Qxd2 b6 7. e3 Bb7 8. Bd3 Nbd7 9. O-O e5 10. Bf5 O-O 11. b4 g6 12. Bh3 Qe7 13. dxe5 dxe5 14. Bb2 Rad8 15. Rad1 Bxf3 16. gxf3 Rfe8 17. Qc3 Nh5 18.
Rd2 f6 19. Rfd1 Nf8 20. Bf1 c5 21. Bh3 Ng7 22. f4 exf4 23. Rxd8 Rxd8 24. Rxd8 Qxd8 25.
Qxf6 Qxf6 26. Bxf6 fxe3 27. fxe3 Kf7 28. Be5 Nf5 29. Kf2 Ne7 30. b5 Ne6 31. Bb8 Nc8 32.
Bg2 Ke7 33. Bb7 Kd7 34. Bd5 Nd8 35. Be5 Ne6 36. Kf3 Ng5+ 37. Kg4 Ne6 38. Bb8 Nc7 39. e4 a5 40. Bc6+ Kd8 41. Kg5 Ne6+ 42. Kh6 Nd4 43. Bd5 1-0

[Event "*** SCC Grand Prix: Titled Tuesday Blitz"]
[Site "Chess.com"]
[Date "2020.07.21"]
[Round "6"]
[White "bmt011"]
[Black "ChelsieMonica"]
[Result "0-1"]
[WhiteElo "2128"]
[BlackElo "2377"]
[TimeControl "180+1"]
[EndTime "11:07:29 PDT"]
[Termination "ChelsieMonica won on time"]

1. d4 c5 2. d5 Nf6 3. Nc3 e5 4.
e4 d6 5. Bg5 h5 6. Qd2 Be7 7. Nf3 a6 8. a4 Bg4 9. Ng1 h4 10. h3 Bh5 11. Be2 Bxe2 12. Ngxe2 Nbd7 13. Ng1 Nf8 14. Nf3 Ng6 15. O-O Nh5 16. Bxe7 Qxe7 17. Qg5 Qxg5 18. Nxg5 O-O 19. a5 f5 20. Ne6 Rf7 21.
exf5 Rxf5 22. Ne4 Ngf4 23. Nxd6 Rf6 24. Ne4 Rg6 25. Nxf4 Nxf4 26. g3 Nxd5 27. Nxc5 hxg3 28. fxg3 Rxg3+ 29. Kh2 Re3 30. Rae1 Rc8 31. Rxe3 Nxe3 32. Rf3 Rxc5 33. Rxe3 Rxc2+ 34. Kg3 Rxb2 35. Rxe5 Rb3+ 36. Kg4 Kh7 37. Re7 Rb5 38. h4 Kh6 39. Kh3 Rb4 40. Kg3 Kg6 41. Rd7 Kf6 42. Rc7 g6 43. Rh7 Rb3+ 44. Kg4 Rb5 45. Rc7 Rxa5 46. Rxb7 Rb5 47.
Ra7 a5 48. Ra6+ Kg7 49. Kf4 Kh6 50. Kg4 Rb4+ 51. Kg3 a4 52. Kh3 Rb3+ 53. Kg4 a3 54. h5 Rb4+ 55. Kf3 Kxh5 56. Rxa3 g5 57. Kg3 Rb1 58. Ra8 Rb3+ 59. Kg2 Kh4 60. Rh8+ Kg4 61. Rg8 Rb2+ 62. Kg1 Kh4 63. Rg7 g4 64. Rg8 Kh3 65. Rc8 Rb1+ 66. Kf2 g3+ 67. Kf3 Rf1+ 68. Ke2 g2 69.
Rh8+ Kg3 70. Rg8+ Kh2 71. Rh8+ Kg1 72. Rg8 Rf5 73. Ke3 Kf1 0-1

[Event "*** SCC Grand Prix: Titled Tuesday Blitz"]
[Site "Chess.com"]
[Date "2020.07.21"]
[Round "6"]
[White "Kolle05"]
[Black "natelleka"]
[Result "0-1"]
[WhiteElo "2349"]
[BlackElo "2157"]
[TimeControl "180+1"]
[EndTime "11:07:30 PDT"]
[Termination "natelleka won on time"]

1. e4 e5 2. Nf3 Nf6 3. Nc3 Nc6 4. d4 exd4 5. Nxd4 Bb4 6. Nxc6 bxc6 7. Bd3 d5 8. exd5 Qe7+ 9. Qe2 Qxe2+ 10. Kxe2 Nxd5 11. Ne4 f5 12. Ng3 O-O 13. Rd1 Bd6 14. Kf1 Rb8 15. c3 Be5 16. Re1 Bd6 17. Bc4 g6 18. Bh6 Rd8 19.
Rab1 Kf7 20. Ne2 Be6 21. Kg1 c5 22. Bb3 Re8 23. Rbd1 Nb6 24. Bxe6+ Rxe6 25. Nf4 Rxe1+ 26. Rxe1 Na4 27. b3 Nxc3 28. Nd3 Nxa2 29. Ra1 Nb4 30. Nb2 Nc6 31. g3 Rxb3 32. Nc4 Rb4 33. Ne3 a5 34. Nd5 Rb2 35. Be3 Rc2 36. Rb1 Nd4 37.
Rb7 Ke6 38. Nxc7+ Bxc7 39. Rxc7 Kd5 40. Rxh7 Ke4 41. Kg2 a4 42. Ra7 Ra2 43. Ra5 Nb3 44.
Bxc5 Nxa5 0-1

[Event "*** SCC Grand Prix: Titled Tuesday Blitz"]
[Site "Chess.com"]
[Date "2020.07.21"]
[Round "6"]
[White "Josip_buje"]
[Black "mariangie523"]
[Result "1-0"]
[WhiteElo "2277"]
[BlackElo "2021"]
[TimeControl "180+1"]
[EndTime "11:07:31 PDT"]
[Termination "Josip_buje won by checkmate"]

1. d4 Nf6 2. Nf3 g6 3. Bg5 Bg7 4. e3 d6 5. Nbd2 O-O 6. Bc4 Nbd7 7. O-O c5 8. c3 a6 9. a4 cxd4 10. exd4 Re8 11. Re1 Nb6 12. Bb3 Bg4 13. h3 Bxf3 14. Qxf3 Qc7 15. Ne4 Nbd5 16. Ng3 h6 17. Bd2 e6 18. h4 h5 19. Bg5 Nd7 20. Bxd5 exd5 21. Qxd5 Nb6 22. Qb3 d5 23. Ne2 Nc4 24. Bf4 Qd7 25. Bg3 Re6 26. Nf4 Rb6 27. Qd1 Nxb2 28. Qf3 Rd8 29. a5 Rb3 30. Rab1 Rb5 31. Qe2 Nc4 32. Rxb5 axb5 33. Nd3 Nxa5 34. Nc5 Qc6 35. Qe7 Ra8 36. Ra1 Bf8 37. Qe3 Nc4 38. Qe1 Re8 39. Qc1 Bxc5 40. dxc5 Qxc5 41. Qh6 Qf8 42. Qg5 Qe7 43. Qxd5 Qe6 44. Qxb5 Nd2 45. Qxb7 Re7 46. Ra8+ Kg7 47. Qb8 Qe1+ 48. Kh2 Nf1+ 49. Kg1 Nxg3+ 50. Kh2 Ne2 51. Kh3 Qg1 52. Qh8# 1-0

[Event "*** SCC Grand Prix: Titled Tuesday Blitz"]
[Site "Chess.com"]
[Date "2020.07.21"]
[Round "6"]
[White "VitaliyBernadskiy"]
[Black "ArjunErigaisi2003"]
[Result "0-1"]
[WhiteElo "2735"]
[BlackElo "3042"]
[TimeControl "180+1"]
[EndTime "11:07:32 PDT"]
[Termination "ArjunErigaisi2003 won on time"]

1. d4 Nf6 2. Nf3 d5 3. e3 Bg4 4. c4 c6 5. Qb3 Qb6 6. Ne5 Bh5 7.
cxd5 Nxd5 8. Nc3 e6 9. Bd3 Be7 10. O-O O-O 11. e4 Nb4 12. Be3 Nxd3 13. Nxd3 Bg6 14.
Ne5 Rd8 15. f4 Qxb3 16. axb3 f6 17. Nxg6 hxg6 18. Kf2 Na6 19. Ke2 Nb4 20. Rfc1 Kf7 21. h3 Rh8 22. Na2 a5 23. Nxb4 Bxb4 24. Bd2 Bxd2 25. Kxd2 Ra6 26. Rc5 Rha8 27. Kc3 Ke7 28. h4 Kd6 29. g3 b6 30. Rc4 b5 31. Rc5 a4 32. h5 gxh5 33. Rxh5 axb3 34. Rxa6 Rxa6 35. Rh7 Ra4 36. e5+ fxe5 37. dxe5+ Kc5 38. Rxg7 Re4 39. Kxb3 Re3+ 40. Ka2 Kc4 41. Re7 b4 42. Rxe6 c5 43. Rb6 b3+ 44. Ka3 Re1 0-1

[Event "*** SCC Grand Prix: Titled Tuesday Blitz"]
[Site "Chess.com"]
[Date "2020.07.21"]
[Round "6"]
[White "capatl"]
[Black "Vesper2018"]
[Result "1-0"]
[WhiteElo "2421"]
[BlackElo "2579"]
[TimeControl "180+1"]
[EndTime "11:07:32 PDT"]
[Termination "capatl won on time"]

1. c4 e5 2. Nc3 d6 3. g3 Nc6 4.
Bg2 g6 5. e3 Bg7 6. Nge2 f5 7. d4 e4 8. h4 Nf6 9. Nf4 O-O 10. a3 Ng4 11. b4 Ne7 12. Bb2 c6 13.
Qb3 a5 14. c5+ d5 15. b5 Bh6 16. Na4 Bxf4 17. gxf4 cxb5 18. Nb6 Bd7 19. Nxd5 Kg7 20.
Nb6 Ra6 21. d5+ Kh6 22. h5 g5 23. Qc3 Rg8 24. f3 exf3 25. Bxf3 Rxb6 26. Bxg4 Nxd5 27. Qd4 Ra6 28. Qxd5 fxg4 29. O-O-O Bc6 30. Qd6+ Qxd6 31.
Rxd6+ Rg6 32. hxg6+ Bxh1 33. Rxa6 bxa6 34. g7 Bd5 35. f5 g3 36. Be5 g2 37. Bh2 Kxg7 38. Kd2 b4 39. axb4 axb4 40. Kd3 Kf6 41. e4 Bc6 42. Kd4 a5 43. Bg1 g4 44. Ke3 b3 45.
Kf4 a4 46. e5+ Kf7 47. e6+ Ke7 48. Ke5 b2 49. f6+ Kf8 50. f7 b1=Q 51. Be3 Qb2+ 52. Kd6 1-0